[Event "*** SCC Grand Prix: Titled Tuesday Blitz"]
[Site "Chess.com"]
[Date "2020.08.11"]
[Round "7"]
[White "crossingthestreet"]
[Black "czasnaszachy"]
[Result "1/2-1/2"]
[WhiteElo "2395"]
[BlackElo "2233"]
[TimeControl "180+1"]
[EndTime "11:19:00 PDT"]
[Termination "Game drawn by repetition"]

1. d4 Nf6 2. Bf4 d5 3. e3 c5 4. dxc5 Nc6 5. Bb5 a5 6. c3 Bd7 7. b4 axb4 8. Bxc6 Bxc6 9. cxb4 e6 10. Nc3 d4 11. Qxd4 Qxd4 12. exd4 Bxg2 13. f3 Bxh1 14.
Kf2 Rd8 15. Nge2 Bxf3 16. Kxf3 Be7 17. a4 O-O 18. a5 Nd5 19. Nxd5 Rxd5 20. b5 Bf6 21.
Ke4 Rfd8 22. Ra4 g5 23. Bc7 Rc8 24. Bg3 Bd8 25. Bd6 f5+ 26. Ke3 Bc7 27. Bxc7 Rxc7 28. b6 Rc8 29. a6 Rd7 30. c6 bxc6 31. b7 Rb8 32. a7 Rdxb7 33. axb8=Q+ Rxb8 34. Kd3 Rb3+ 35. Nc3 Rb6 36. Kc4 Kf7 37. Kc5 Rb2 38. Ra2 Rb8 39.
Ra7+ Kf6 40. Rc7 Rb3 41. Kc4 Rb2 42. Rxh7 f4 43. Ne4+ Kf5 44. Nd6+ Kg4 45. Rh6 f3 46. Ne4 Kf4 47. Kc3 Ra2 48. Nd2 Ra3+ 49. Kb4 Ra7 50. Rxe6 f2 51. Rf6+ Ke3 52. Nf1+ Ke2 53. Ng3+ Ke1 54.
Re6+ Kd2 55. Kc5 Ra5+ 56. Kxc6 Ra1 57. Re2+ Kd3 58. Rxf2 Kxd4 59. Rf5 Ke3 60. Rxg5 Ra2 61. h4 Rh2 62. Nf5+ Kf4 63. Rh5 Kg4 64. Rg5+ Kf4 65. Rh5 Kg4 66. Rg5+ Kf4 1/2-1/2

[Event "*** SCC Grand Prix: Titled Tuesday Blitz"]
[Site "Chess.com"]
[Date "2020.08.11"]
[Round "7"]
[White "Keures"]
[Black "HouseOfDurin"]
[Result "1-0"]
[WhiteElo "2303"]
[BlackElo "2077"]
[TimeControl "180+1"]
[EndTime "11:19:00 PDT"]
[Termination "Keures won on time"]

1. d4 Nf6 2. c4 c5 3. d5 b5 4. cxb5 a6 5. bxa6 Bxa6 6. Nc3 d6 7.
e4 Bxf1 8. Kxf1 Nbd7 9. Nf3 g6 10. g3 Bg7 11. Kg2 O-O 12. h3 Qa5 13. Re1 Ne8 14. Qc2 Nc7 15. Bg5 Rfe8 16. Re2 Rab8 17. Rc1 Nb5 18. Nxb5 Rxb5 19. b3 Qa3 20. Rce1 Ne5 21. Nxe5 Bxe5 22. Qc1 Qb4 23. Bd2 Qd4 24. Bf4 Bg7 25. Be3 Qxe4+ 26. Kh2 Qxd5 27. Bh6 e6 28. Bxg7 Kxg7 29. Rd1 Qf3 30. Qd2 d5 31.
Re3 Qf6 32. Rc1 d4 33. Re2 e5 34. Qd3 Ra5 35. Rce1 e4 36. Qd2 Ra6 37. Rxe4 Rxe4 38. Rxe4 Re6 39. Rf4 Qe5 40. Qc1 g5 41. Rg4 f6 42. f4 Qe2+ 43. Kh1 h5 44. fxg5 hxg4 45. gxf6+ Kxf6 46. Qh6+ Ke7 47. Qg7+ Kd6 48. Qf8+ Kd5 49. Qa8+ Ke5 50. Qh8+ Kd6 51. Qf8+ Re7 52. Qf4+ Qe5 53. Qh6+ Re6 54. Qf8+ Kd5 55. Qa8+ Kd6 56. Qb8+ Ke7 57. Qc7+ Kf6 58. Qd8+ 1-0

[Event "*** SCC Grand Prix: Titled Tuesday Blitz"]
[Site "Chess.com"]
[Date "2020.08.11"]
[Round "7"]
[White "12teen"]
[Black "SilviusTiberius"]
[Result "1-0"]
[WhiteElo "2686"]
[BlackElo "2520"]
[TimeControl "180+1"]
[EndTime "11:19:01 PDT"]
[Termination "12teen won by checkmate"]

1. g3 Nf6 2. Bg2 g6 3. d3 Bg7 4. e4 d6 5. Nc3 c5 6. f4 Nc6 7.
h3 O-O 8. g4 Nd4 9. Nf3 Nd7 10.
h4 Nb8 11. f5 Nbc6 12. h5 Nxf3+ 13. Bxf3 Nd4 14. Bg2 e6 15. hxg6 fxg6 16. Ne2 d5 17. c3 Nxe2 18. Qxe2 dxe4 19. dxe4 exf5 20. gxf5 Qf6 21.
Be3 gxf5 22. Bxc5 Re8 23. Bd4 Qg5 24. e5 Qg3+ 25. Kd2 Be6 26. Rag1 Rad8 27. Kc2 Qf4 28. Qh5 Kf8 29. Bc5+ Re7 30. Bxe7+ Kxe7 31. Qh4+ Qxh4 32. Rxh4 Bxe5 33. Rxh7+ Kf6 34. Rh6+ Ke7 35. Re1 Bf6 36.
Rh7+ Kd6 37. Rd1+ Ke5 38. Re1+ Kd6 39. Rxb7 Rg8 40. Re2 f4 41. Rxa7 Bf5+ 42. Kb3 Be6+ 43. c4 Rb8+ 44. Rb7 Rxb7+ 45. Bxb7 Bd4 46. Bf3 Bf5 47. Rd2 Kc5 48. Ka4 Be6 49. Bd5 Bd7+ 50. Kb3 Be3 51. Re2 Bg4 52. Re1 Kd4 53. Kc2 f3 54.
Rf1 Bf5+ 55. Kd1 Bg4 56. Bxf3 Bf5 57. Be2 Be4 58. Rf8 Bg5 59. b4 Kc3 60. c5 Bd2 61. Bf3 Bc2+ 62. Ke2 Bd3+ 63. Kf2 Kc2 64. c6 Bxb4 65.
c7 Bc5+ 66. Kg2 Kd2 67. c8=Q Bf1+ 68. Kxf1 Kd3 69. Qd7+ Bd4 70. Rd8 Kc3 71. Qxd4+ Kc2 72.
Rb8 Kc1 73. Qb2# 1-0

[Event "*** SCC Grand Prix: Titled Tuesday Blitz"]
[Site "Chess.com"]
[Date "2020.08.11"]
[Round "7"]
[White "GukeshDommaraju"]
[Black "TimofeevAr"]
[Result "1-0"]
[WhiteElo "2677"]
[BlackElo "2843"]
[TimeControl "180+1"]
[EndTime "11:19:05 PDT"]
[Termination "GukeshDommaraju won by checkmate"]

1. e4 e6 2. d3 c5 3. Nf3 Nc6 4.
g3 g6 5. Bg2 Bg7 6. O-O Nge7 7.
c3 d5 8. Re1 h6 9. e5 g5 10. d4 cxd4 11. cxd4 Qb6 12. Nc3 O-O 13.
b3 Nf5 14. Na4 Qd8 15. Ba3 Re8 16. Rc1 g4 17. Nd2 Qg5 18. f4 Qg6 19. Nf1 Nfxd4 20.
Ne3 h5 21. Bc5 Nf5 22. Qd3 Nxe3 23. Qxg6 fxg6 24. Bxe3 Bf8 25. Nc5 Bxc5 26. Rxc5 Bd7 27. Rec1 Rec8 28. Bf1 a6 29. Kf2 Kf7 30. R5c2 g5 31.
fxg5 Nxe5 32. Rc7 Rxc7 33. Rxc7 Rc8 34. Rxb7 Rc2+ 35. Ke1 Rxa2 36. Bf4 Nf3+ 37. Kd1 Ra1+ 38. Bc1 Nxg5 39. Rxd7+ Kf6 40. Ra7 Nf3 41. Rxa6 Rxa6 42. Bxa6 Nxh2 43. b4 h4 44. gxh4 g3 45. Bf4 Ng4 46.
Bxg3 e5 47. b5 Ne3+ 48. Ke2 Nc4 49. Bf2 d4 50. Kd3 Nb6 51. Ke4 Ke6 52. h5 Nc4 53. Bc8+ Kf6 54. Ba6 Ke6 55. h6 Nd6+ 56. Kd3 Kf6 57.
b6 Kg6 58. b7 Nxb7 59. Bxb7 Kxh6 60. Ke4 Kg6 61. Kxe5 d3 62. Be4+ Kg5 63. Bxd3 Kg4 64.
Be4 Kh3 65. Bf3 Kh2 66. Kf4 Kh3 67. Ke3 Kh2 68. Bh4 Kh3 69. Bg5 Kh2 70. Kf2 Kh3 71. Be2 Kh2 72. Bf1 Kh1 73. Bg2+ Kh2 74. Bf4# 1-0

[Event "*** SCC Grand Prix: Titled Tuesday Blitz"]
[Site "Chess.com"]
[Date "2020.08.11"]
[Round "7"]
[White "Alexander_Donchenko"]
[Black "rasmussvane"]
[Result "1-0"]
[WhiteElo "2696"]
[BlackElo "2870"]
[TimeControl "180+1"]
[EndTime "11:19:06 PDT"]
[Termination "Alexander_Donchenko won by resignation"]

1. Nf3 d5 2. g3 Nc6 3. d4 Bf5 4. Bg2 Nb4 5. Na3 e6 6. O-O Nf6 7. c3 Nc6 8. Nc2 h6 9. Re1 Be7 10. Nd2 e5 11. dxe5 Nxe5 12. Nd4 Bh7 13. Qb3 Rb8 14. Qa4+ c6 15. Qxa7 O-O 16. Qa4 b5 17.
Qd1 c5 18. N2f3 Nxf3+ 19. Nxf3 Bd6 20. a3 Re8 21. b4 Ne4 22. Bb2 Qb6 23. e3 Rbd8 24.
Nd2 Be7 25. Nxe4 dxe4 26. bxc5 Qxc5 27. Qb3 Bf5 28. Bf1 Rb8 29. Red1 Be6 30. Qc2 Bf6 31. Rac1 Bc4 32. Rd7 h5 33. Rcd1 h4 34. Qd2 Bxf1 35. Kxf1 Qh5 36. Qe2 Qf5 37. R1d5 Qh3+ 38. Kg1 Re5 39.
Rxe5 Bxe5 40. Rd5 Bf6 41. Rxb5 Rd8 42. c4 Bxb2 43. Rxb2 hxg3 44. hxg3 Rd6 45. Qf1 Qh5 46. Rb8+ Kh7 47. Rb5 f5 48. Rb1 Rh6 49. Qg2 Qe2 50.
Qf1 Qf3 51. Qg2 Qe2 52. Rc1 Qd2 53. Qf1 Rc6 54. c5 Qb2 55. Qc4 Qxa3 56. Qc3 Qa4 57. Kg2 Qa8 58. Rh1+ Rh6 59. Rxh6+ Kxh6 60. Qe5 Kg6 61.
Qd6+ Kg5 62. c6 f4 63. Qxf4+ Kh5 64. Qxe4 Qc8 65. Qd5+ Kg6 66. Qd7 Qe8 67. Qxe8+ 1-0

[Event "*** SCC Grand Prix: Titled Tuesday Blitz"]
[Site "Chess.com"]
[Date "2020.08.11"]
[Round "7"]
[White "AttilaTurzo"]
[Black "diablanni"]
[Result "1/2-1/2"]
[WhiteElo "2443"]
[BlackElo "2335"]
[TimeControl "180+1"]
[EndTime "11:19:09 PDT"]
[Termination "Game drawn - insufficient material"]

1. e4 c5 2. Nf3 Nc6 3. d4 cxd4 4. Nxd4 g6 5. c4 Nf6 6. Nc3 d6 7. Be2 Nxd4 8. Qxd4 Bg7 9. O-O O-O 10. Bd2 a5 11. Rae1 a4 12. Kh1 Be6 13. f4 Nd5 14. Qd3 Nxc3 15. Bxc3 Bxc3 16. Qxc3 Qa5 17. Qd4 Rac8 18. f5 Bd7 19. f6 Qe5 20. Qxe5 dxe5 21.
fxe7 Rfe8 22. b4 axb3 23. axb3 Rxe7 24. b4 Ra8 25. Ra1 Ree8 26. c5 Red8 27. Rxa8 Rxa8 28. Bc4 Be6 29. Bxe6 fxe6 30. Kg1 Ra2 31. Rf6 Rb2 32. Rxe6 Rxb4 33. Rxe5 Kf7 34. Kf2 Rb2+ 35. Kf3 Rb3+ 36. Kf4 Rb2 37. Rd5 Ke7 38. Kf3 Rb3+ 39. Kf4 Rb2 40. Rg5 Rc2 41. h4 Kf6 42. g3 Rf2+ 43.
Ke3 Rc2 44. Kd4 Rd2+ 45. Kc4 Re2 46. Kd5 Rd2+ 47. Kc4 Re2 48. Kd3 Re1 49. Rd5 Ke7 50. h5 Rg1 51. Rg5 Kf6 52. Rd5 Rxg3+ 53. Kd4 Rb3 54.
hxg6 hxg6 55. Rd6+ Kf7 56. Ke5 Rb2 57. Rd7+ Ke8 58.
Rg7 Rg2 59. Rxb7 Kd8 60. Ke6 Kc8 61. Rg7 Rg1 62. e5 Rg5 63. Kf6 Rf5+ 64. Kxg6 Rxe5 65. c6 Re6+ 66. Kf5 Rxc6 67. Rg8+ Kb7 68. Ke5 Rc7 69. Kd6 Rc6+ 70. Kd5 Rc7 71. Rg6 Rc1 72. Rg7+ Rc7 73.
Rxc7+ Kxc7 1/2-1/2

[Event "*** SCC Grand Prix: Titled Tuesday Blitz"]
[Site "Chess.com"]
[Date "2020.08.11"]
[Round "7"]
[White "ClydeHillKid"]
[Black "bazar-wokzal"]
[Result "1/2-1/2"]
[WhiteElo "2329"]
[BlackElo "2462"]
[TimeControl "180+1"]
[EndTime "11:19:10 PDT"]
[Termination "Game drawn - insufficient material"]

1. e4 Nc6 2. Nf3 d5 3. exd5 Qxd5 4. Nc3 Qa5 5. Bc4 Bg4 6. h3 Bh5 7. a3 Nf6 8. Nb5 O-O-O 9. c3 e5 10. b4 Qb6 11. a4 a5 12. g4 Bg6 13. O-O e4 14.
Nfd4 Nxd4 15. Nxd4 axb4 16. a5 Qc5 17. a6 Qxc4 18.
a7 Kd7 19. Qa4+ b5 20. Nxb5 Be7 21. Nd4+ c6 22. Bb2 Nd5 23. cxb4 Rc8 24. Rfc1 Qxb4 25.
Qa6 Qb6 26. Qc4 Bf6 27. Ba3 Bxd4 28. Rab1 Bxf2+ 29. Kf1 Qd4 30. Qxd4 Bxd4 31. Bc5 Bxc5 32. Rxc5 Ra8 33. Rb7+ Kd6 34. Ra5 e3 35. dxe3 Nxe3+ 36. Ke2 Nc4 37. Ra1 Rhe8+ 38. Kf2 Re7 39. Rd1+ Kc5 40.
Rxe7 Nb6 41. h4 h5 42. gxh5 Bxh5 43. Rc1+ Kd5 44. Rb7 Bg6 45. Rxb6 Rxa7 46. Rbxc6 Ra2+ 47. Kg3 Ra3+ 48. Kg4 Ra4+ 49. Kg3 Rd4 50. R6c3 Rd2 51. Re3 Kd4 52. Rce1 Bf5 53. R3e2 Rd3+ 54. Kf4 Be6 55.
Re4+ Kd5 56. R1e3 Rd1 57. Re5+ Kd6 58. R5e4 Rh1 59. Kg3 g6 60. Re1 Rh3+ 61. Kf2 Bd5 62.
R1e3 Rh2+ 63. Kg3 Bxe4 64. Kxh2 Ke5 65. Kg3 f5 66. Re1 f4+ 67. Kg4 f3 68. Rf1 Kf6 69. Rxf3+ Bxf3+ 70. Kxf3 Kf5 71. Kg3 Kf6 72. Kg4 Kg7 73.
h5 gxh5+ 74. Kxh5 1/2-1/2

[Event "*** SCC Grand Prix: Titled Tuesday Blitz"]
[Site "Chess.com"]
[Date "2020.08.11"]
[Round "7"]
[White "adotand"]
[Black "viktorskliarov"]
[Result "0-1"]
[WhiteElo "2765"]
[BlackElo "2595"]
[TimeControl "180+1"]
[EndTime "11:19:19 PDT"]
[Termination "viktorskliarov won by resignation"]

1. e4 c5 2. Nf3 Nc6 3. Bb5 e6 4. O-O Nge7 5. d4 cxd4 6. Nxd4 Qb6 7. Nxc6 bxc6 8. Bd3 d5 9. Nc3 Ng6 10. b3 Be7 11. exd5 cxd5 12. Bb5+ Kf8 13. Be3 Qc7 14. Ne2 Bd7 15. Bxd7 Qxd7 16. c4 Bf6 17. Rc1 Ne7 18.
cxd5 Nxd5 19. Bc5+ Kg8 20. Nf4 h5 21. Nxh5 Be5 22.
f4 Bc7 23. Ng3 Qd8 24. Qg4 Rh4 25. Qe2 Bxf4 26. Rc4 Bxg3 27. hxg3 Rxc4 28. bxc4 Nf6 29. Qe3 a6 30. Bd4 Rc8 31. Bxf6 gxf6 32. Qf4 Qb6+ 33.
Kh2 Rc5 34. g4 Qc7 35. Qxc7 Rxc7 36. Rc1 Rc5 37. Kg3 Kg7 38. Kf4 e5+ 39. Ke4 Kg6 40.
Kd3 Kg5 41. Rf1 Rc6 42. Rc1 Kxg4 43. c5 Kf5 44. Kc4 Ke6 45. Rd1 f5 46. Rh1 f4 47. Rh8 Rc7 48. Re8+ Kf5 49. Kd5 Rd7+ 50. Kc6 Rd2 51. Kb6 Rxg2 52. c6 Rxa2 53. c7 Rc2 54.
c8=Q+ Rxc8 55. Rxc8 f3 56. Rc1 Ke4 57. Kc5 Kd3 58.
Ra1 e4 59. Ra3+ Ke2 60. Kd4 f2 61. Ra2+ Kf3 62. Ra3+ Kg2 63. Ra2 Kg1 64. Rxa6 f1=Q 65. Ra3 Qf2+ 66. Kxe4 f5+ 67. Kd5 f4 68. Ke4 Kg2 69.
Rd3 f3 70. Kf4 Qe2 71. Re3 Qxe3+ 72. Kxe3 f2 73. Ke4 f1=Q 74. Kd5 Qf3+ 75. Ke5 Kg3 76. Kd4 Qf4+ 77. Kc5 Kf3 78. Kd5 Ke3 79. Ke6 Kd4 0-1

[Event "*** SCC Grand Prix: Titled Tuesday Blitz"]
[Site "Chess.com"]
[Date "2020.08.11"]
[Round "7"]
[White "Fortitudine"]
[Black "rududuyk"]
[Result "1-0"]
[WhiteElo "2263"]
[BlackElo "2109"]
[TimeControl "180+1"]
[EndTime "11:19:20 PDT"]
[Termination "Fortitudine won on time"]

1. c4 e5 2. g3 Nc6 3. Bg2 Bc5 4. Nc3 f5 5. d3 Nf6 6. e3 d6 7. Nge2 O-O 8. O-O Qe8 9. d4 Bb6 10. Na4 Kh8 11. a3 a5 12. Nxb6 cxb6 13. dxe5 dxe5 14. Bd2 e4 15. Bc3 Ne5 16. Bxe5 Qxe5 17. Qd4 Qc7 18. Nf4 Rd8 19. Nd5 Nxd5 20. cxd5 Be6 21. Rac1 Qd6 22. dxe6 Qxe6 23. Qc3 Rac8 24. Qe1 Rc6 25. Rxc6 bxc6 26.
Qc1 Qb3 27. Qc3 Qxc3 28. bxc3 Rd2 29. Rb1 b5 30. a4 bxa4 31. Ra1 Rc2 32. Rxa4 Rxc3 33.
Rxa5 Rc1+ 34. Bf1 c5 35. Kg2 Kg8 36. Ra7 Kf8 37. Rc7 g6 38. h4 h6 39. Bb5 Rc2 40. h5 gxh5 41. Bd7 c4 42. Bxf5 c3 43. Bxe4 Rc1 44. Kf3 Ke8 45. Kf4 Kd8 46. Rc4 Kd7 47.
f3 Kd6 48. Rc6+ Kd7 49. Rxh6 Ra1 50. Rxh5 Ra4 51. Rc5 Ra3 52. g4 Kd6 53. Rc4 Ke6 54. g5 Kf7 55. g6+ Kf6 56. Rc6+ Kg7 57. Kg5 Ra5+ 58. Bf5 c2 59. Rc7+ Kf8 60. Rxc2 Ke7 61. g7 Kf7 62. Rc7+ Kg8 63. e4 Rb5 64. f4 Ra5 65. e5 Ra6 66. e6 1-0

[Event "*** SCC Grand Prix: Titled Tuesday Blitz"]
[Site "Chess.com"]
[Date "2020.08.11"]
[Round "7"]
[White "boasovietica"]
[Black "AleksanderHnydiuk"]
[Result "1-0"]
[WhiteElo "2413"]
[BlackElo "2539"]
[TimeControl "180+1"]
[EndTime "11:19:28 PDT"]
[Termination "boasovietica won on time"]

1. e4 c6 2. d4 d5 3. exd5 cxd5 4. Bd3 Nf6 5. Ne2 Nc6 6. c3 Bg4 7. O-O e6 8. Qe1 Bxe2 9. Qxe2 Bd6 10. Bg5 Qc7 11.
h3 Bh2+ 12. Kh1 Bf4 13. Bxf4 Qxf4 14. Nd2 O-O 15. Rfe1 Rfe8 16. Nf3 Rac8 17. Rad1 Nd7 18. Bb1 a6 19. Qd3 g6 20. Re3 Na5 21. Kg1 b5 22.
Ne5 Nxe5 23. Rxe5 Nc4 24. Re2 Qd6 25. a3 a5 26. h4 b4 27. axb4 axb4 28. h5 Rc7 29.
Qf3 Rb7 30. hxg6 hxg6 31. g3 Kg7 32. Kg2 Reb8 33. Bd3 bxc3 34. bxc3 Rh8 35. Qg4 Rb6 36. Rde1 Qc7 37. Rh1 Rxh1 38. Kxh1 Nb2 39. Bb1 Qxc3 40. Kg2 Nd3 41. Bxd3 Qxd3 42. Re3 Qc4 43. Qf4 Qc6 44. Qe5+ Kf8 45. Qh8+ Ke7 46. Qh4+ Kd7 47. Qf6 Ke8 48. Qh8+ Ke7 49. Rf3 Qe8 50. Qf6+ Kd7 51. Qxf7+ Qxf7 52. Rxf7+ Kd6 53. Rg7 Rb4 54. Rxg6 Rxd4 55. Kf3 Rd3+ 56. Ke2 Rb3 57. Rf6 Ke5 58. Rf8 Ke4 59. g4 Rb2+ 60. Kf1 d4 61. g5 Rb5 62. f4 Kf3 63. Ke1 Ke3 64. Kf1 Rb1+ 65. Kg2 d3 66. g6 Rb7 67.
Rf7 Rb8 68. Rd7 Ke2 69. Kg3 Rg8 70. f5 exf5 71. g7 d2 72. Kf4 Rxg7 73. Re7+ 1-0

[Event "*** SCC Grand Prix: Titled Tuesday Blitz"]
[Site "Chess.com"]
[Date "2020.08.11"]
[Round "7"]
[White "BocharovD"]
[Black "TigrVShlyape"]
[Result "1-0"]
[WhiteElo "2712"]
[BlackElo "2846"]
[TimeControl "180+1"]
[EndTime "11:19:31 PDT"]
[Termination "BocharovD won on time"]

1. d4 Nf6 2. c4 g6 3. Nf3 Bg7 4. g3 d6 5. Bg2 O-O 6. O-O Nc6 7. Nc3 e5 8. dxe5 dxe5 9. Bg5 Be6 10. Qc1 Qe8 11. Rd1 Nd7 12. Nd5 Rc8 13. Bh6 f6 14. Bxg7 Kxg7 15. Qc3 a5 16. Rd2 Nc5 17.
Qe3 b6 18. Rad1 Qf7 19. b3 h6 20. Ne1 Nd4 21. Nc2 Nxc2 22. Rxc2 Rfd8 23. Rcd2 Qf8 24. Nxc7 Bxc4 25. Na8 Rxd2 26. Rxd2 Be6 27. Nxb6 Rd8 28.
h4 Rxd2 29. Qxd2 g5 30. hxg5 hxg5 31. Qxa5 Qd6 32. Nc4 Bxc4 33. bxc4 Qd1+ 34. Kh2 Qd4 35. Qc7+ Kg6 36. e3 Qxc4 37. a4 Qb4 38. a5 e4 39. Qb6 Qxb6 40. axb6 Kf5 41. Kh3 Nb7 42. f3 exf3 43. Bxf3 Nc5 44. b7 Na6 45. Kg2 Ke5 46.
Kf2 Kd6 47. Ke2 Kc7 48. Kd3 Nc5+ 49. Kd4 Nb3+ 50. Kd5 Nd2 51. Bg2 Kxb7 52. Ke6+ Kc7 53. Kxf6 Nc4 54. e4 g4 55. Kg5 Ne3 56. Bh1 Kd6 57. Kf4 Nd1 58. Bg2 Nf2 59. Bf1 Ke6 60. Be2 Kf6 61. Bxg4 Nd3+ 62. Ke3 Ne5 63. Be2 Kg5 64.
Kd4 Kf6 65. Kd5 Nf7 66. g4 Ng5 67. e5+ Ke7 68. Bd3 Nh3 69. Bf5 Ng5 70. Kd4 Kf7 71.
Ke3 Ke7 72. Bd3 Kf7 73. Bf1 1-0

[Event "*** SCC Grand Prix: Titled Tuesday Blitz"]
[Site "Chess.com"]
[Date "2020.08.11"]
[Round "7"]
[White "Supernotar"]
[Black "Brave_spirit12"]
[Result "1-0"]
[WhiteElo "2705"]
[BlackElo "2525"]
[TimeControl "180+1"]
[EndTime "11:19:31 PDT"]
[Termination "Supernotar won on time"]

1. d4 Nf6 2. c4 e6 3. Nf3 d5 4. e3 Be7 5. Nbd2 O-O 6. Bd3 c6 7. O-O dxc4 8. Nxc4 b5 9. Nce5 Bb7 10. a4 a6 11. b3 Nbd7 12. Bb2 Qb6 13. Qe2 Rad8 14. Rfc1 Nd5 15. Nxd7 Rxd7 16. Ne5 Rdd8 17. Qc2 h6 18. Nxc6 Rc8 19. Nxe7+ Nxe7 20. Qe2 bxa4 21. bxa4 Nd5 22. Ba3 Rfd8 23. Bc5 Qa5 24. Rab1 Nc3 25. Qe1 Rxc5 26. dxc5 Rxd3 27. Rxb7 Qxc5 28. Kh1 Qd5 29. Rb8+ Kh7 30. h3 Nxa4 31. Rbb1 Nc5 32. Rd1 Qf5 33. Qe2 Rxd1+ 34.
Rxd1 Ne4 35. Rf1 a5 36. Kg1 a4 37. Qa2 Nc3 38. Qa3 Qa5 39. Kh1 Qb5 40. Rc1 Ne2 41. Ra1 Qf5 42. Qxa4 Qxf2 43. Qe4+ g6 44. Qf3 Ng3+ 45. Kh2 Qxf3 46. gxf3 Nf5 47. e4 Nd4 48. Kg3 Kg7 49. Kf2 Nc6 50. Ra6 Ne5 51. Ra8 Kf6 52. Ke3 g5 53. f4 Ng6 54. fxg5+ hxg5 55. Kf3 Ne5+ 56. Kg3 Nd3 57. Ra3 Nf4 58. Re3 Kg6 59.
e5 f5 60. exf6 Kxf6 61. Kg4 Ng6 62. Re4 Ne5+ 63. Rxe5 Kxe5 64. Kxg5 Kd4 65. h4 e5 66. h5 e4 67. h6 e3 68. h7 e2 69. h8=Q+ Ke3 70. Qe5+ Kf2 71. Qf4+ Kg1 72. Qg3+ Kf1 73.
Qf3+ Kg1 74. Qxe2 1-0

[Event "*** SCC Grand Prix: Titled Tuesday Blitz"]
[Site "Chess.com"]
[Date "2020.08.11"]
[Round "7"]
[White "davidkalashian"]
[Black "Gerodot71"]
[Result "1-0"]
[WhiteElo "2575"]
[BlackElo "2402"]
[TimeControl "180+1"]
[EndTime "11:19:33 PDT"]
[Termination "davidkalashian won by checkmate"]

1. e4 e5 2. Nf3 Nc6 3. d4 exd4 4.
Nxd4 Bc5 5. Nxc6 bxc6 6. Nd2 Qh4 7. Qf3 d5 8. Qg3 Qe7 9. Qxg7 Qf6 10. Qxf6 Nxf6 11. exd5 cxd5 12. Nb3 Bb6 13. Bb5+ Bd7 14.
Bxd7+ Kxd7 15. O-O Rhg8 16. Be3 Rg6 17. a4 Rag8 18. g3 Ng4 19. a5 Nxe3 20. fxe3 Bxe3+ 21. Kg2 R8g7 22. Rae1 Re6 23. Rf3 d4 24. Nc5+ Kd6 25. Nxe6 fxe6 26. Ref1 Rg5 27. Rf7 Rxa5 28. Rxh7 Rb5 29.
b3 Rc5 30. h4 Rxc2+ 31. Kf3 Rc3 32. Ke4 Rxb3 33. Rff7 c5 34. Rd7+ Kc6 35. Rc7+ Kb5 36.
Rb7+ Kc4 37. Rxb3 Kxb3 38. Rb7+ Kc2 39. h5 Bh6 40. Rc7 Bf8 41. h6 Bxh6 42. Rxc5+ Kd2 43. Rc4 Be3 44. Ra4 Ke2 45. Ra2+ Kf1 46. Kd3 e5 47. g4 Bf4 48. Rxa7 Kf2 49. Ke4 Ke2 50. Ra2+ Kf1 51.
Kf3 Ke1 52. Ke4 Kf1 53. Rc2 Ke1 54. Rg2 Kf1 55. Rb2 Ke1 56. Rb5 Ke2 57. Rd5 Kd2 58.
Rd8 Ke2 59. Rd7 Kd2 60. Ra7 Ke2 61. Ra3 Ke1 62. Rf3 Ke2 63. Rb3 Ke1 64. Rb2 Kd1 65. Kf3 Ke1 66. Re2+ Kd1 67. Rg2 Ke1 68. g5 Bxg5 69.
Rxg5 d3 70. Ke3 e4 71. Rg1# 1-0

[Event "*** SCC Grand Prix: Titled Tuesday Blitz"]
[Site "Chess.com"]
[Date "2020.08.11"]
[Round "7"]
[White "Zq1"]
[Black "PavelChernomordik"]
[Result "0-1"]
[WhiteElo "2486"]
[BlackElo "2368"]
[TimeControl "180+1"]
[EndTime "11:19:35 PDT"]
[Termination "PavelChernomordik won by resignation"]

1. Nf3 g6 2. c4 Bg7 3. d4 d6 4. Nc3 Nc6 5. d5 Ne5 6. Nxe5 Bxe5 7. e4 c6 8. Be2 Nf6 9. Bd2 O-O 10. Bd3 e6 11. dxe6 Bxe6 12. O-O Ng4 13. h3 Nf6 14. Kh1 Nh5 15. Ne2 Qh4 16. Ng1 f5 17. Nf3 Qe7 18.
Nxe5 dxe5 19. exf5 Bxf5 20. Bxf5 Rxf5 21. Qe2 Raf8 22.
Rae1 Qh4 23. Kg1 Nf4 24. Bxf4 Qxf4 25. Qe4 Qxe4 26. Rxe4 Kf7 27. Rd1 Ke6 28. f3 Rf4 29. Rxf4 Rxf4 30. c5 Rd4 31. Rc1 Rd2 32. Rb1 Kd5 33.
Kh2 Kxc5 34. h4 Kd5 35. Kg3 Ke6 36. a4 Kf5 37. b4 Rd4 38. b5 Rxa4 39. bxc6 bxc6 40.
Rb7 c5 41. Rxh7 Ra6 42. Rc7 Ra5 43. Rc6 Rb5 44. Ra6 Rb7 45. Rc6 Rb5 46. Kh3 a5 47.
g4+ Kf4 48. Rf6+ Ke3 49. h5 gxh5 50. gxh5 e4 51. fxe4 c4 52. Kg4 Rc5 53. h6 Rc8 54. Kg5 c3 55. h7 c2 56. Rc6 Rxc6 57. h8=Q c1=Q 58. Qh3+ Kd4+ 59. Kf5 Qc5+ 60. Kg4 Rg6+ 0-1

[Event "*** SCC Grand Prix: Titled Tuesday Blitz"]
[Site "Chess.com"]
[Date "2020.08.11"]
[Round "7"]
[White "Firegrizzly"]
[Black "IMTominho"]
[Result "0-1"]
[WhiteElo "2569"]
[BlackElo "2777"]
[TimeControl "180+1"]
[EndTime "11:19:42 PDT"]
[Termination "IMTominho won on time"]

1. d4 d5 2. Nf3 Nf6 3. Bf4 c5 4.
e3 Nc6 5. c3 Qb6 6. Qb3 g6 7.
Nbd2 c4 8. Qxb6 axb6 9. a3 b5 10.
Rc1 Nd7 11. h3 Nb6 12. g4 h5 13. Rg1 hxg4 14. hxg4 Na4 15. Rc2 f6 16. e4 g5 17. Be3 e6 18. e5 fxe5 19. Nxe5 Nxe5 20. dxe5 Be7 21. Nf3 Rg8 22. Rh1 Nc5 23. Rh5 Ne4 24.
Nd4 Bd7 25. f3 Nc5 26. Rch2 O-O-O 27. Kd2 Rdf8 28. Be2 Na4 29. Kc1 Bd8 30. Rh6 Re8 31.
R2h5 Nc5 32. Kd2 Na4 33. Kc2 b6 34. Rh7 Nc5 35. Rf7 Re7 36. Rxe7 Bxe7 37. Rh7 Kd8 38. Rh6 Bf8 39. Rh5 Be7 40. b4 cxb3+ 41. Nxb3 Be8 42. Rh6 Bg6+ 43. Kb2 Na4+ 44. Kc1 Nxc3 45. Nd4 Bxa3+ 46.
Kd2 Nxe2 47. Bxg5+ Kd7 48. Kxe2 b4 49. f4 Bb2 50.
Nb3 Bc2 51. Nd2 Bxe5 52. Nf3 Bc3 53. Bf6 Bxf6 54. Rxf6 b3 55. Kd2 Ke7 56. g5 Rc8 57.
Nd4 b2 58. Rxe6+ Kf7 59. Rf6+ Kg8 60. Rxb6 b1=Q 61. Rxb1 Bxb1 62. f5 Re8 63. f6 Re5 64. Nf3 Re8 65. Nd4 Kf7 66. Nb5 Kg6 67. Nd6 Rf8 68.
Kc1 Be4 69. Kd2 Kxg5 70. Ke3 Kxf6 71. Nb5 Ke5 72. Nd4 Rh8 73. Nc6+ Kd6 74. Na5 Rh3+ 75. Kd2 Kc5 76. Nb7+ Kd4 77. Nd6 Rh2+ 78. Ke1 Ke3 79. Nc4+ dxc4 0-1

[Event "*** SCC Grand Prix: Titled Tuesday Blitz"]
[Site "Chess.com"]
[Date "2020.08.11"]
[Round "7"]
[White "TranJMinh"]
[Black "Paladin61"]
[Result "0-1"]
[WhiteElo "2831"]
[BlackElo "2663"]
[TimeControl "180+1"]
[EndTime "11:19:44 PDT"]
[Termination "Paladin61 won on time"]

1. d4 Nf6 2. c4 g6 3. Nc3 Bg7 4. e4 O-O 5. Bd3 d6 6. Nge2 Nc6 7. O-O Nh5 8. Be3 e5 9. Bc2 exd4 10. Nxd4 Ne5 11.
Qe2 Ng4 12. Rad1 Nxe3 13. Qxe3 Bg4 14. f3 Bd7 15. g3 c6 16. Nde2 Qc7 17. Rd2 Be6 18. b3 a6 19. Rfd1 Rad8 20. Nd4 Bc8 21. Bd3 Qb6 22. Bf1 Rfe8 23. Qf2 Bd7 24. Bg2 Qc7 25. Nde2 Be6 26. Nd4 Bc8 27. Rd3 Nf6 28.
Nde2 b5 29. c5 dxc5 30. Qxc5 Bf8 31. Qf2 Rxd3 32. Rxd3 Rd8 33. Rxd8 Qxd8 34. Qd4 Qxd4+ 35.
Nxd4 Bc5 36. Ne2 Bb6 37. Kf1 c5 38. Nc2 Be6 39. f4 Kf8 40. e5 Nd5 41. Bxd5 Bxd5 42. Nc3 Bc6 43. Ne3 Ba5 44. Ncd5 h5 45. Ke2 Ke8 46.
Kd3 Kd7 47. Nf6+ Ke6 48. Ne4 Bb6 49. Ng5+ Ke7 50. Ne4 Ba7 51. Ng5 Bb6 52. h4 Ba7 53. Nh7 Bb6 54. Nf6 Bd8 55. Ng8+ Ke6 56. Nh6 a5 57. a3 Be7 58. Kc3 a4 59. b4 cxb4+ 60. axb4 Bf8 61. Ng8 Be7 62. Nc2 Bd8 63. Nd4+ Kd5 64.
Nc2 Bd7 65. Nd4 Ke4 66. Nc2 Kf3 67. Kd4 Kxg3 68. Kd5 Kxf4 69. Kd6 Be6 70. Nd4 Bxh4 71. Nxe6+ fxe6 72. Kxe6 a3 73. Kf7 a2 74. e6 a1=Q 75. e7 Bxe7 76. Nxe7 Qa2+ 77. Ke8 Qb3 78. Kd7 Qxb4 79.
Ke8 Qxe7+ 80. Kxe7 h4 0-1

[Event "*** SCC Grand Prix: Titled Tuesday Blitz"]
[Site "Chess.com"]
[Date "2020.08.11"]
[Round "7"]
[White "GalperinPlaton"]
[Black "RaunakSadhwani2005"]
[Result "0-1"]
[WhiteElo "2612"]
[BlackElo "2941"]
[TimeControl "180+1"]
[EndTime "11:19:47 PDT"]
[Termination "RaunakSadhwani2005 won on time"]

1. c4 f5 2. d4 Nf6 3. Nc3 d6 4. Bg5 Nbd7 5. e3 g6 6. h4 h6 7.
Bxf6 Nxf6 8. Bd3 Bg7 9. Qc2 e6 10. Nge2 e5 11. c5 e4 12. Bb5+ c6 13. Ba4 d5 14. b4 a6 15. Bb3 Be6 16. a4 Kf7 17.
Nf4 g5 18. Nxe6 Kxe6 19. g4 Ke7 20. gxf5 g4 21. Ne2 Qd7 22. Ng3 h5 23. Kd2 Rhc8 24.
Qc3 Bf8 25. b5 Ke8 26. b6 Bh6 27. Kc2 Ke7 28. Kb2 Rg8 29. Bc2 Raf8 30. Rae1 Kd8 31.
Bd1 Kc8 32. Be2 Kd8 33. Rb1 Ke7 34. Kc2 Ra8 35. Rb2 Kf7 36. Qa5 Bf8 37. Rhb1 Be7 38. Qe1 Rh8 39. Rb3 Ne8 40. Qh1 Ng7 41. Rg1 Bf6 42. Rbb1 Qe7 43. Qg2 Rag8 44. Rh1 Bxh4 45. Rh2 Bf6 46. Rbh1 h4 47. Bxg4 Ne8 48. Ne2 Kf8 49.
f3 Qg7 50. Rg1 exf3 51. Qxf3 Bg5 52. Nf4 Bxf4 53. Qxf4 Qe7 54. Rhg2 h3 55. Bxh3 Rxg2+ 56. Bxg2 Rg8 57. Qf2 Qg5 58. Kd2 Nf6 59. Ke2 Ne4 60.
Qf4 Qe7 61. Qb8+ Kf7 62. Qxg8+ Kxg8 63. Bxe4+ Kf8 64. Bf3 Qh4 65. Rg4 Qh2+ 66. Rg2 Qh3 67. Rg4 Qh7 68. Rg6 Qh2+ 69. Rg2 Qh3 70. Rg4 Kf7 71. Rf4 Qh2+ 72. Kd3 Kf6 73. Rg4 Qa2 74. Rg6+ Kf7 75. Bh5 Qb3+ 76. Ke2 Qc2+ 77. Kf1 Qxf5+ 0-1